 Dungeon Crawl Stone Soup version 0.32-a0-928-g1cae6b7ea0 (webtiles) character file.

Game seed: 7916230877861120227

472 ezpacito the Chopper (level 7, -1/48 HPs)
             Began as a Coglin Chaos Knight on Apr 13, 2024.
             Was a Plaything of Xom.
             Succumbed to a gnoll's poison
             ... on level 4 of the Dungeon.
             The game lasted 00:04:17 (2212 turns).

ezpacito the Chopper (Coglin Chaos Knight)          Turns: 2212, Time: 00:04:17

Health: -1/48      AC: 13    Str: 15    XL:     7   Next: 9%
Magic:  8/9        EV:  7    Int: 11    God:    Xom [*.....]
Gold:   116        SH:  0    Dex: 13    Spells: 8/8 levels left

rFire   . . .        a - +0 hand axe (chaos) {Francisco}
rCold   . . .        b - +0 spear {Ishtar-belessa}
rNeg    . . .        j - +0 chain mail
rPois   .            h - +1 hat
rElec   .            (no cloak)
rCorr   .            (no gloves)
SInv    .            f - +0 pair of boots
Will    .....        (amulet unavailable) Stlth
                     (ring unavailable)
HPRegen 1.08/turn    (ring unavailable)
MPRegen 0.11/turn    (no gizmo)

%: no passive effects
@: lethally poisoned (-1 -> -6), revving
A: off-hand wielding, slow wielding, warmup strikes, no jewellery, iridescent
scales 1, frail 1, regeneration 1
a: Invent Gizmo, Renounce Religion


You were on level 4 of the Dungeon.
You worshipped Xom.
You were a special plaything of Xom.
You visited 1 branch of the dungeon, and saw 3 of its levels.
You also visited: Ossuary.

You collected 116 gold pieces.

Inventory:

Hand Weapons
 a - a +0 hand axe of chaos (weapon) {Francisco}
 b - a +0 spear (offhand) {Ishtar-belessa}
 g - a +0 dagger {Úrsula}
Missiles
 e - 5 curare-tipped darts (quivered)
 s - 6 boomerangs
Armour
 f - a +0 pair of boots (worn)
 h - a +1 hat (worn)
 j - a +0 chain mail (worn)
Scrolls
 n - a scroll of blinking {unknown}
 o - a scroll of amnesia {unknown}
 q - a scroll of torment {unknown}
 t - a scroll of teleportation
Potions
 c - 2 potions of brilliance
 d - 2 potions of might
 l - a potion of haste {unknown}
 m - a potion of heal wounds {unknown}
 r - a potion of magic {unknown}


   Skills:
 * Level 4.2 Fighting
 * Level 4.2(4.5) Axes
 * Level 2.3(3.4) Polearms
 * Level 3.0 Armour
 * Level 2.6 Dodging
 + Level 1.5 Stealth
 + Level 1.3 Spellcasting


You had 8 spell levels left.
You didn't know any spells.
Your spell library contained the following spells:

 Spells                   Type           Power      Damage    Failure   Level
 Freeze                   Ice            0%         1d3       99%         1
 Slow                     Hex            0%         N/A       99%         1
 Sting                    Conj/Alch      0%         1d3       99%         1
 Mercury Vapours          Alch/Air       0%         N/A       100%        2
 Confusing Touch          Hex            0%         N/A       100%        3
 Frozen Ramparts          Ice            0%         1d1       100%        3
 Hailstorm                Conj/Ice       0%         3d5       100%        3
 Passwall                 Erth           0%         N/A       100%        3
 Vampiric Draining        Necr           0%         2d6       100%        3
 Volatile Blastmotes      Fire/Tloc      0%         2d10      100%        3
 Olgreb's Toxic Radiance  Alch           0%         N/A       100%        4
 Vhi's Electric Charge    Tloc/Air       0%         N/A       100%        4
 Bombard                  Conj/Erth      0%         9d1       100%        6


Dungeon Overview and Level Annotations

Branches:
Dungeon (4/15)            Ossuary (visited)
 Temple: D:4-7

Altars:
Hepliaklqana


Innate Abilities, Weirdness & Mutations

You can wield a second weapon in your off-hand.
It takes a long time for you to wield or remove held weapons.
Your first few attacks do less damage.
You cannot equip rings or amulets.
You are partially covered in iridescent scales. (AC +2)
You are frail. (-10% HP)
Your natural rate of healing is unusually fast.


Message History

You hit the orc with your +0 hand axe of chaos.
The orc appears confused.
You closely miss the gnoll with your +0 hand axe of chaos.
You feel very sick. The gnoll hits you but does no damage.
You are lethally poisoned!
The gnoll hits you but does no damage. The orc hits you with a +4 falchion.
* * * LOW HITPOINT WARNING * * *
You take 9 damage, and have 9/48 hp.
Okay, then.
Okay, then.
* * * LOW HITPOINT WARNING * * *
You feel very sick. The gnoll barely misses you.
You take 5 damage, and have 4/48 hp.
It was a potion of lignification.
You turn into a tree.
Your +1 hat melds into your body.
Your +0 pair of boots melds into your body.
Your +0 chain mail melds into your body.
Your roots penetrate the ground.
* * * LOW HITPOINT WARNING * * *
You feel very sick.
You kill the gnoll!
The gnoll hits you but does no damage. The orc hits you but does no damage.
You now have 3/72 hp.
It was a potion of enlightenment.
Your roots keep you in place.
* * * LOW HITPOINT WARNING * * *
You feel very sick. The gnoll hits you but does no damage.
The orc hits you but does no damage.
You take 2 damage, and have 1/72 hp.
It was a potion of cancellation.
Your magical effects are unravelling.
You feel magically purged.
You feel less wooden.
Your +1 hat unmelds from your body.
Your +0 pair of boots unmelds from your body.
Your +0 chain mail unmelds from your body.
Your enlightenment fades.
You die...
Xom roars with laughter!

..... ....#
##...# ....#
##+###..>#
.........
.......g####
......)o...#
......))@..#
#######....#
##..##
##..###
##...#
#...##
#....##
#.....##
####
###########
#...#..##
#...


You could see a gnoll and an orc (confused).

Vanquished Creatures
  Menkaure (Ossuary)
  A phantom (D:4)
  A gnoll bouda (D:4)
  A jelly (D:4)
  3 mummies (Ossuary)
  11 gnolls (D:4)
  A dart slug (D:1)
  A ribbon worm (D:2)
  3 orcs (D:4)
  3 endoplasms
  3 giant cockroaches
  4 gnoll zombies (Ossuary)
  4 goblins
  4 hobgoblins
  2 jackals (D:1)
  A quokka (D:1)
  2 bats (D:1)
  A frilled lizard (D:1)
  7 gnoll skeletons (Ossuary)
  3 goblin skeletons (Ossuary)
  7 goblin zombies (Ossuary)
  4 hobgoblin skeletons (Ossuary)
  4 hobgoblin zombies (Ossuary)
  3 kobolds
  4 kobold skeletons (Ossuary)
  6 kobold zombies (Ossuary)
  7 orc skeletons (Ossuary)
  2 rats (D:1)
  4 rat zombies (Ossuary)
98 creatures vanquished.

Vanquished Creatures (others)
  A gnoll zombie (D:4)
  A goblin zombie (D:4)
2 creatures vanquished.

Grand Total: 100 creatures vanquished

Notes
Turn   | Place    | Note
-------+----------+-------------------------------------------
     0 | D:1      | ezpacito the Coglin Chaos Knight began the quest for the
                  | Orb.
     0 | D:1      | Reached XP level 1. HP: 18/18 MP: 1/1
   169 | D:1      | XOM: 8-stop teleportation journey
   179 | D:1      | Reached skill level 1 in Dodging
   207 | D:1      | Reached XP level 2. HP: 24/24 MP: 2/2
   353 | D:1      | XOM: silly message
   891 | D:1      | XOM is BORED!
   891 | D:1      | XOM: noise
  1008 | D:1      | XOM: give mutation
  1008 | D:1      | Gained mutation: You are partially covered in iridescent
                  | scales. (AC +2) [Xom's mischief]
  1039 | D:1      | XOM: summons 4 hostile shadow creatures
  1104 | D:1      | XOM: summons 3 hostile shadow creatures
  1138 | D:2      | Reached XP level 3. HP: 29/29 MP: 3/3
  1332 | D:2      | You fall into a shaft and drop 2 floors!
  1379 | D:4      | Noticed a black bear
  1393 | D:4      | Reached skill level 1 in Polearms
  1393 | D:4      | Reached XP level 4. HP: 20/35 MP: 4/4
  1409 | D:4      | Found a hazy altar of Hepliaklqana.
  1449 | D:4      | XOM: cast spell 'Leda's Liquefaction'
  1457 | D:4      | XOM: potion effect (heal wounds)
  1476 | D:4      | XOM: cast spell 'Summon Ice Beast'
  1492 | D:4      | Reached skill level 1 in Stealth
  1492 | D:4      | Reached XP level 5. HP: 15/41 MP: 4/6
  1601 | D:4      | XOM: cloud trail
  1610 | D:4      | Noticed a phantom
  1610 | D:4      | XOM: cast spell 'Fugue of the Fallen'
  1612 | D:4      | XOM: potion effect (invisibility)
  1617 | D:4      | XOM: give mutations
  1617 | D:4      | Gained mutation: Your natural rate of healing is unusually
                  | fast. [Xom's mischief]
  1617 | D:4      | Gained mutation: You are frail. (-10% HP) [Xom's mischief]
  1617 | D:4      | Gained mutation: Your body sometimes deteriorates upon
                  | taking damage. [Xom's mischief]
  1617 | D:4      | Lost mutation: Your body sometimes deteriorates upon taking
                  | damage. [Xom's mischief]
  1619 | D:4      | XOM: confuse monster(s)
  1624 | D:4      | Found a sand-covered staircase.
  1632 | Ossuary  | Entered an ossuary
  1961 | Ossuary  | Reached skill level 1 in Spellcasting
  1995 | Ossuary  | Noticed Menkaure
  2000 | Ossuary  | Reached XP level 6. HP: 24/43 MP: 7/7
  2009 | Ossuary  | Killed Menkaure
  2129 | D:4      | Reached XP level 7. HP: 35/48 MP: 8/8
  2201 | D:4      | XOM: chaos upgrade
  2210 | D:4      | HP: 3/72 [poisoned by a gnoll]
  2211 | D:4      | HP: 1/72 [poisoned by a gnoll]
  2212 | D:4      | Succumbed to a gnoll's poison

Illustrated notes

Levels and vault maps discovered:
D:1:      dpeg_arrival_round_b, layout_loops_corners
D:2:      layout_basic, serial_shops, shop, uniq_crazy_yiuf_cottage
D:4:      layout_basic, nicolae_qazlal_beasts_of_the_sky,
          mainiacjoe_overflow_alcove_4, nicolae_ossuary_entry_plus

Skill      XL: |  1  2  3  4  5  6  7 |
---------------+----------------------+-----
Dodging        | 1 2 |  2.6
Armour         | 2 3 |  3.0
Polearms       | 1 2 |  2.3
Stealth        | 1 |  1.5
Spellcasting   | 1 |  1.3
Fighting       | 4 |  4.2
Axes           | 4 |  4.2

Action                     |  1- 3 |  4- 6 |  7- 9 || total
---------------------------+-------+-------+-------++-------
  Melee: Dagger            |    90 |    93 |       ||   183
         Hand axe          |    90 |   154 |    14 ||   258
         Spear             |       |    52 |    13 ||    65
  Throw: Dart              |       |     4 |       ||     4
    Use: Scroll            |     2 |     3 |       ||     5
         Potion            |       |     1 |     3 ||     4
   Stab: Paralysed         |       |     3 |       ||     3
         Invisible         |       |     3 |       ||     3
         Petrifying        |       |     1 |     1 ||     2
         Petrified         |       |       |     9 ||     9
 Armour: Leather armour    |    30 |       |       ||    30
         Chain mail        |    45 |    77 |    17 ||   139
         Skin              |       |       |     4 ||     4
  Dodge: Dodged            |    41 |    38 |     6 ||    85

Table legend: (Time is in decaauts)
 A = Elapsed time spent in this place.
 B = Non-inter-level travel time spent in this place.
 C = Inter-level travel time spent in this place.
 D = Time resting spent in this place.
 E = Time spent auto-exploring this place.
 F = Levels seen in this place.
 G = Mean time per level.
                   A        B        C        D        E       F      G
               +--------+--------+--------+--------+--------+-----+--------+
         Total |   2227 |   2069 |    158 |     15 |   1271 |   4 |  556.8 |
       Dungeon |   1782 |   1624 |    158 |      2 |   1088 |   3 |  594.0 |
       Ossuary |    444 |    444 |      0 |     13 |    183 |   1 |  444.0 |
               +--------+--------+--------+--------+--------+-----+--------+

Top non-repeatable levels by time:
     D:1: 1130 daAuts
     D:4: 445 daAuts
 Ossuary: 444 daAuts
     D:2: 207 daAuts
